Map: Thunderbird LE

Players

Mez - Winner!

  • Race: Terran Terran
  • League: Master
  • Spawn Location: 11:00

Firedragoon

  • Race: Zerg Zerg
  • League: Diamond
  • Spawn Location: 5:00

VOD

Have the link to the VOD?

Description

Time

  • Played on: Aug. 14, 2019, 11:32 a.m.
  • Length: 10:59
Show
View Real Time Build Order
Export as new Build Order

Mez Terran - Winner!

Build Orders: Liberator Opening, Reaper Expand, Mech 

Get SALT Encoding   

  12  0:00  SCV  
  13  0:12  SCV  
  14  0:17  Supply Depot  
  14  0:25  SCV  
  15  0:38  SCV  
  15  0:39  Barracks  
  16  0:45  Refinery  
  16  0:50  SCV  
  17  1:02  SCV  
  18  1:15  SCV  
  19  1:28  Orbital Command  
  19  1:29  Reaper  
  20  1:40  Command Center  
  20  1:48  Supply Depot  
  20  1:53  SCV  
  21  2:01  Marine  
  21  2:05  SCV  
  23  2:12  Factory  
  23  2:15  Refinery  
  23  2:18  SCV  
  24  2:23  Barracks Reactor  
  24  2:30  SCV  
  25  2:43  SCV  
  26  2:55  SCV  
  26  2:58  Starport  
  27  3:04  Hellion x2  
  31  3:07  Orbital Command  
  31  3:08  Barracks Tech Lab  
  31  3:10  SCV  
  32  3:19  Liberator  
  32  3:22  SCV, Supply Depot  
  32  3:25  Hellion  
  32  3:26  Hellion  
  37  3:34  SCV  
  37  3:40  SCV  
  41  3:46  SCV  
  41  3:47  Hellion x2  
  45  4:01  SCV, Supply Depot  
  46  4:04  Supply Depot  
  46  4:09  SCV  
  49  4:16  SCV  
  48  4:29  Supply Depot  
  48  4:30  Hellion x2  
  52  4:32  Starport Tech Lab  
  52  4:35  Command Center  
  52  4:38  Factory  
  52  4:48  Factory, SCV x2  
  54  5:00  SCV x2  
  54  5:14  Hellion x2  
  50  5:33  SCV x2  
  50  5:35  Refinery, Banshee  
  50  5:36  Cloaking Field, Refinery  
  50  5:38  Factory Tech Lab x2  
  50  5:39  Hellion x2  
  57  5:43  Supply Depot  
  57  5:45  SCV x2  
  56  5:50  Orbital Command  
  56  5:56  Armory  
  56  5:57  SCV x2, Armory  
  56  6:02  Hellion x2  
  62  6:07  Supply Depot  
  62  6:09  SCV  
  63  6:15  Supply Depot  
  63  6:20  Banshee  
  63  6:23  Hellion x2  
  63  6:25  Infernal Pre-Igniter  
  68  6:32  SCV x2  
  70  6:33  SCV  
  70  6:39  Engineering Bay  
  71  6:46  Supply Depot  
  71  6:47  Supply Depot  
  71  6:50  Cyclone x2  
  75  7:05  Hellion x2, Banshee  
  75  7:06  SCV x3  
  77  7:12  Terran Vehicle Weapons Level 1  
  77  7:13  Terran Vehicle And Ship Armor Level 1  
  77  7:18  SCV x2  
  77  7:22  Siege Tank x2  
  85  7:26  Hellion  
  85  7:27  Hellion  
  82  7:47  SCV  
  82  7:48  Hellion x2, SCV  
  86  7:53  Banshee  
  86  7:54  Hellion x2  
  92  8:09  Hellion x2  
  92  8:12  Supply Depot  
  96  8:13  Supply Depot  
  96  8:15  Siege Tank, Cyclone  
  96  8:16  SCV x2  
  96  8:18  Factory x2  
  96  8:19  Refinery  
  104  8:20  SCV  
  104  8:21  Refinery  
  105  8:30  SCV x2  
  105  8:32  Hellion x2, SCV  
  112  8:37  Banshee  
  115  8:42  SCV  
  115  8:43  Supply Depot  
  115  8:44  SCV x2, Supply Depot  
  118  8:54  SCV  
  116  9:08  Hellion, Factory Tech Lab  
  120  9:10  Factory Reactor  
  124  9:24  Cyclone  
  124  9:25  Hellion, Cyclone  
  124  9:27  Hellion, Banshee  
  124  9:29  Hellion  
  117  9:41  SCV x2  
  117  9:42  SCV  
  114  9:47  Hellion  
  114  9:48  Siege Tank, Command Center  
  114  9:51  Supply Depot x2  
  119  9:55  Command Center  
  119  9:57  Siege Tank x2  
  119  9:58  Command Center  
  123  10:13  Hellion x4  
  131  10:20  Supply Depot  
  131  10:22  Supply Depot  
Show
View Real Time Build Order
Export as new Build Order

Firedragoon Zerg 

Build Orders: Hatch First 

Get SALT Encoding   

  12  0:01  Drone  
  13  0:12  Overlord  
  13  0:17  Drone  
  14  0:31  Drone x2  
  14  0:34  Drone  
  17  0:44  Drone  
  18  0:55  Hatchery  
  17  0:58  Extractor  
  16  1:09  Spawning Pool  
  15  1:11  Drone  
  15  1:15  Drone  
  17  1:19  Drone  
  18  1:28  Drone  
  19  1:38  Drone  
  20  1:49  Overlord  
  20  1:56  Queen  
  20  1:58  Metabolic Boost  
  22  2:07  Drone  
  23  2:08  Queen  
  23  2:11  Drone  
  26  2:21  Drone  
  27  2:32  Drone  
  27  2:36  Drone x2  
  31  2:37  Drone  
  31  2:47  Zergling x2  
  32  2:54  Zergling x4  
  34  3:06  Hatchery  
  34  3:08  Baneling Nest  
  34  3:09  Lair  
  32  3:13  Drone  
  32  3:16  Queen  
  32  3:18  Drone  
  36  3:23  Overlord  
  36  3:32  Overlord  
  36  3:42  Drone x7  
  36  3:44  Drone  
  44  3:53  Drone x3  
  44  3:54  Drone x2  
  47  4:02  Zergling x2  
  47  4:04  Zergling x4  
  47  4:07  Zergling x6  
  52  4:11  Centrifical Hooks  
  52  4:20  Queen  
  52  4:22  Drone x2  
  52  4:23  Drone  
  57  4:29  Overlord  
  57  4:47  Queen  
  57  4:48  Drone x4  
  57  4:49  Drone x3  
  57  4:51  Overlord x2  
  66  4:58  Hatchery  
  65  5:05  Zergling x2  
  65  5:06  Zergling x12  
  65  5:11  Spore Crawler  
  46  5:29  Zergling x8  
  46  5:30  Zergling x10  
  54  5:58  Zergling x12  
  54  5:59  Zergling x2  
  54  6:02  Zergling x4  
  47  6:36  Zergling x2  
  47  6:37  Zergling x28  
  47  6:38  Baneling x13  
  47  6:39  Baneling x3  
  62  6:51  Zergling x2  
  62  6:52  Zergling x6  
  62  7:08  Overseer  
  63  7:15  Zergling x2  
  63  7:16  Zergling x14  
  50  7:44  Zergling x2  
  50  7:45  Zergling x2  
  50  7:47  Zergling x14  
  50  7:48  Zergling x6  
  52  8:00  Zergling x8  
  52  8:16  Extractor  
  52  8:19  Extractor  
  50  8:21  Drone x6  
  50  8:25  Infestation Pit  
  55  8:30  Drone  
  55  8:31  Drone x5  
  57  9:02  Zergling x10  
  50  9:03  Zergling x12  
  16  9:36  Drone  
  16  9:37  Drone x11  
  24  10:15  Drone x2  
  24  10:16  Drone x10  
  36  10:27  Drone x4  
  40  10:37  Spore Crawler x2  
  40  10:39  Spine Crawler  
  40  10:40  Spore Crawler, Spine Crawler  
Tags
 
Add a new tag
Caveats
  • Supply blocks, unpowered buildings, or Contaminate may cause inaccurate times.
  • Supply counts are checked every 10 seconds.